cohdb
Replays
Latest Replays
All Replays
Popular Replays
Top Player Replays
Match Explorer
How It Works
Community
CoH3 Stats
Reddit
Sign in to upload your games and track your stats! →
Sign in with Steam
Match 45588763
Unlisted
Match 45588763
Overview
Messages
Build Orders
End
Selects Airborne Battlegroup
Selects Heavy Machine Gun Paradrop
Heavy Machine Gun Paradrop
Construct Barracks
M1 Mortar Team
1⁄4-ton 4x4 Truck
M1 Mortar Team
Infantry Support Center
Selects Paratrooper Squad Paradrop
M1 Mortar Team
Advanced Logistics
1⁄4-ton 4x4 Truck
Heavy Machine Gun Paradrop
Selects Recon Loiter
Selects Anti-tank Gun Team Paradrop
Construct Tank Depot
Engineer Squad
Selects Recon Loiter
Anti-tank Gun Team Paradrop
Anti-tank Gun Team Paradrop
Heavy Machine Gun Paradrop
M4(105) Sherman Bulldozer
Recon Loiter
Selects Supply Drop
Recon Loiter
Engineer Squad
M4(105) Sherman Bulldozer
Supply Drop
Supply Drop
Selects Carpet Bombing Run
Recon Loiter
Carpet Bombing Run
M18 Hellcat Tank Destroyer
任何邪恶终将绳之以法
a4039
Panda Le GaY's
CosmicSpire
Gwangju's Hero Chun Doo-gwang
freedman1984
Mr.28M
ionwood
0
0
Comments
sign in to comment!
No comments posted yet!